 Dungeon Crawl Stone Soup version 0.30-a0-782-ge64f9170bb (webtiles) character file.

Game seed: 99442866077393486

191 Barriton the Insei (level 5, -9/60 HPs)
             Began as a Draconian Transmuter on Mar 6, 2023.
             Mangled by a gnoll
             ... wielding a +0 halberd
              (12 damage)
             ... on level 3 of the Dungeon.
             The game lasted 00:03:25 (2073 turns).

Barriton the Insei (Draconian Transmuter)           Turns: 2073, Time: 00:03:26

Health: -9/60      AC:  5    Str: 12    XL:     5   Next: 42%
Magic:  0/18       EV: 12    Int: 14    God:
Gold:   119        SH:  0    Dex: 13    Spells: 7/10 levels left

rFire   . . .      SeeInvis .      - Unarmed
rCold   . . .      Faith    .    (no shield)
rNeg    + . .      Spirit   +    (body armour unavailable)
rPois   .          Reflect  .    (helmet restricted)
rElec   .          Harm     .    (no cloak)
rCorr   .          Rampage  .    (no gloves)
Will    .....                    (no boots) Stlth
                                 d - amulet of guardian spirit
HPRegen 0.30/turn                c - ring of positive energy
MPRegen 0.16/turn                g - ring of magical power

@: berserking, wereblooded, very quick
A: AC +5, unfitting armour, cold-blooded
a: no special abilities


You were on level 3 of the Dungeon.
You visited 1 branch of the dungeon, and saw 3 of its levels.

You collected 119 gold pieces.

Inventory:

Jewellery
 c - a ring of positive energy (left hand)
 d - an amulet of guardian spirit (around neck)
 g - a ring of magical power (right hand)
Scrolls
 e - 2 scrolls of teleportation
Potions
 a - a potion of lignification
 b - a potion of might


   Skills:
 + Level 1.3 Fighting
 + Level 2.6 Dodging
 + Level 0.3 Stealth
 + Level 4.1 Unarmed Combat
 + Level 3.2 Spellcasting
 + Level 3.2 Transmutations


You had 7 spell levels left.
You knew the following spells:

 Your Spells              Type           Power      Damage    Failure   Level
a - Beastly Appendage     Tmut           22%        N/A       5%          1
b - Wereblood             Tmut           11%        N/A       9%          2

Your spell library contained the following spells:

 Spells                   Type           Power      Damage    Failure   Level
 Spider Form              Tmut/Pois      6%         N/A       32%         3
 Portal Projectile        Hex/Tloc       4%         N/A       54%         3
 Tukima's Dance           Hex            2%         N/A       54%         3
 Ice Form                 Ice/Tmut       6%         N/A       71%         4
 Blade Hands              Tmut           5%         N/A       83%         5


Dungeon Overview and Level Annotations

Branches:
Dungeon (3/15)

Altars:


Innate Abilities, Weirdness & Mutations

Your plain brown scales are hard. (AC +5)
You cannot fit into any form of body armour.
You are cold-blooded and may be slowed by cold attacks.


Message History

You barely miss the gnoll.
The gnoll is heavily wounded.
The gnoll barely misses you. x3
You hit the gnoll.
The gnoll is almost dead.
The gnoll hits you with a +0 club. The gnoll closely misses you.
The gnoll barely misses you.
You hit the gnoll but do no damage.
Your tail-slap misses the gnoll.
The gnoll is almost dead.
A hobgoblin comes into view.
The gnoll barely misses you. x2
The gnoll hits you from afar with a +0 halberd.
You barely miss the gnoll. You tail-slap the gnoll.
You feel a bit better.
You kill the gnoll!
The gnoll hits you from afar with a +0 spear!
The gnoll misses you.
You howl as the wereblood boils in your veins!
The gnoll hits you but does no damage. The gnoll hits you with a +0 spear.
The gnoll barely misses you.
The gnoll hits you from afar with a +0 halberd!
* * * LOW HITPOINT WARNING * * *
Things that are here:
a +0 club; a bat corpse You hit the gnoll.
The gnoll is moderately wounded.
The gnoll closely misses you. The gnoll barely misses you.
The gnoll hits you with a +0 spear.
* * * LOW HITPOINT WARNING * * *
The gnoll attacks as you move away! The gnoll hits you with a +0 halberd!
* * * LOW HITPOINT WARNING * * *
The gnoll rages.
The gnoll misses you. The gnoll closely misses you.
You howl as the wereblood boils in your veins!
You hear an angry hiss.
A red film seems to cover your vision as you go berserk!
You feel yourself moving faster!
You feel mighty! The gnoll closely misses you.
Unknown command.
You feel a strong urge to attack something.
The gnoll hits you from afar with a +0 halberd!
You die...

.....#.###....## #^....#
#############..######..###.#
.... ....................#
###. ######†#############
+.....).[........
#########.####### #.# #.#
#@# #g## #gg# ##Kg.# .......
......### .......# ........#
.........#


You could see 3 gnolls, a hobgoblin and a kobold.

Vanquished Creatures
  Jessica (D:2)
  Terence (D:2)
  Natasha (thrice) (D:2)
  A gnoll (D:3)
  2 adders
  A worm (D:2)
  3 endoplasms (D:1)
  5 goblins
  4 hobgoblins
  2 quokkas
  6 ball pythons
  3 bats
  3 frilled lizards
  3 kobolds
  2 rats
40 creatures vanquished.

Notes
Turn   | Place    | Note
-------+----------+-------------------------------------------
     0 | D:1      | Barriton the Draconian Transmuter began the quest for the
                  | Orb.
     0 | D:1      | Reached XP level 1. HP: 16/16 MP: 3/3
   238 | D:1      | Reached XP level 2. HP: 18/23 MP: 5/5
   286 | D:1      | Learned a level 2 spell: Wereblood
   800 | D:2      | Noticed Natasha
   802 | D:2      | Noticed a crimson imp
   810 | D:2      | HP: 1/23 [Natasha (5)]
   811 | D:2      | Killed Natasha
   812 | D:2      | Reached XP level 3. HP: 3/28 MP: 1/6
   814 | D:2      | Noticed Terence
   938 | D:2      | Killed Terence
  1082 | D:2      | Reached XP level 4. HP: 35/35 MP: 4/7
  1220 | D:2      | Noticed Natasha
  1330 | D:2      | Noticed Jessica
  1348 | D:2      | Killed Jessica
  1464 | D:2      | Killed Natasha
  1607 | D:2      | Reached skill level 4 in Unarmed Combat
  1607 | D:2      | Reached XP level 5. HP: 34/40 MP: 6/9
  1647 | D:2      | Noticed Natasha
  1659 | D:2      | Killed Natasha
  2070 | D:3      | HP: 1/40 [gnoll/+0 halberd (5)]
  2073 | D:3      | Mangled by a gnoll

Illustrated notes

Levels and vault maps discovered:
D:1:      dpeg_arrival_chambers_temple_mockup, layout_basic
D:2:      layout_loops_ring, minmay_misc_feat_more_columns, uniq_terence,
          uniq_jessica, uniq_natasha
D:3:      layout_basic, minmay_misc_feat_hallway

Skill      XL: |  1  2  3  4 |
---------------+-------------+-----
Dodging        | 2 |  2.6
Spellcasting   | 3 |  3.2
Unarmed Combat | 4 |  4.1
Transmutations | 3 |  3.2
Fighting       | |  1.3
Stealth        | |  0.3

Action                     |  1- 3 |  4- 6 || total
---------------------------+-------+-------++-------
  Melee: Unarmed           |    55 |    65 ||   120
         Headbutt          |     8 |     6 ||    14
         Kick              |     9 |    10 ||    19
         Tailslap          |     4 |     8 ||    12
         Punch             |       |     3 ||     3
   Cast: Beastly Appendage |    16 |    19 ||    35
         Wereblood         |     2 |     4 ||     6
    Use: Scroll            |     3 |     3 ||     6
         Potion            |       |     1 ||     1
 Armour: Skin              |    17 |    20 ||    37
  Dodge: Dodged            |    37 |    54 ||    91

Table legend: (Time is in decaauts)
 A = Elapsed time spent in this place.
 B = Non-inter-level travel time spent in this place.
 C = Inter-level travel time spent in this place.
 D = Time resting spent in this place.
 E = Time spent auto-exploring this place.
 F = Levels seen in this place.
 G = Mean time per level.
                   A        B        C        D        E       F      G
               +--------+--------+--------+--------+--------+-----+--------+
         Total |   2082 |   2013 |     69 |      0 |   1660 |   3 |  694.0 |
       Dungeon |   2082 |   2013 |     69 |      0 |   1660 |   3 |  694.0 |
               +--------+--------+--------+--------+--------+-----+--------+

Top non-repeatable levels by time:
     D:2: 1056 daAuts
     D:1: 885 daAuts
     D:3: 140 daAuts
